 Dungeon Crawl Stone Soup version 0.19.1 (webtiles) character file.

1126 nikopol the Skirmisher (level 8, 0/73 HPs)
             Began as a Minotaur Berserker on Nov 27, 2016.
             Was a Priest of Trog.
             Slain by an adder (3 damage)
             ... on level 5 of the Dungeon.
             The game lasted 00:07:27 (4127 turns).

nikopol the Skirmisher (Minotaur Berserker)         Turns: 4127, Time: 00:07:29

Health: 0/73       AC:  7    Str: 23    XL:     8   Next: 13%
Magic:  7/7        EV: 12    Int:  4    God:    Trog [***...]
Gold:   154        SH:  0    Dex: 11    Spells: 0 memorised, 7 levels left

rFire  . . .     SeeInvis .     x - +0 hand axe
rCold  . . .     Gourm    .     u - +0 scale mail
rNeg   . . .     Faith    .     (no shield)
rPois  .         Spirit   .     (helmet restricted)
rElec  .         Reflect  .     (no cloak)
rCorr  .         Harm     .     (no gloves)
MR     .....     Rnd*Tele +     (no boots)
Stlth  ..........               (no amulet)
                                (no ring)
                                j - ring of teleportation (curse)

@: lethally poisoned (0 -> -1), exhausted, slowed, very slow
A: retaliatory headbutt, horns 2
a: Berserk, Trog's Hand, Burn Spellbooks, Renounce Religion


You were on level 5 of the Dungeon.
You worshipped Trog.
Trog was most pleased with you.
You were not hungry.

You visited 1 branch of the dungeon, and saw 5 of its levels.

You collected 154 gold pieces.

Inventory:

Hand Weapons
 a - a +0 war axe
 x - a +0 hand axe (weapon)
Missiles
 g - 87 arrows (quivered)
Armour
 b - a +0 animal skin
 u - a +0 scale mail (worn)
Jewellery
 j - a cursed ring of teleportation (left hand)
Scrolls
 d - a scroll of magic mapping {unknown}
 e - a scroll of teleportation {unknown}
 f - a scroll of immolation {unknown}
 l - a scroll of noise {unknown}
 p - 2 scrolls of identify {unknown}
 q - a scroll of amnesia {unknown}
 v - a scroll of recharging {unknown}
 w - a scroll of remove curse {unknown}
 y - a scroll of enchant weapon {unknown}
Potions
 h - a potion of agility {unknown}
 i - 3 potions of curing {unknown}
 m - 3 potions of haste {unknown}
 o - a potion of flight {unknown}
 r - a potion of lignification {unknown}
 z - a potion of might {unknown}
 A - a potion of heal wounds
Comestibles
 c - 4 bread rations
 k - 2 beef jerkies
 n - a royal jelly
 s - a chunk of flesh
 t - a meat ration


   Skills:
 + Level 7.0 Fighting
 + Level 6.5 Axes
 + Level 6.4 Armour
 + Level 5.4 Dodging


You had 7 spell levels left.
You didn't know any spells.

Dungeon Overview and Level Annotations

Branches:
Dungeon (5/15)
 Temple: D:4-7

Altars:


Innate Abilities, Weirdness & Mutations

You reflexively headbutt those who attack you in melee.
You have a pair of horns on your head.


Message History

Menkaure gestures at you while chanting.
Pain shoots through your body!
* * * LOW HITPOINT WARNING * * *
You slash Menkaure!
You destroy Menkaure!
Trog accepts your kill.
Trog appreciates your killing of a magic user.
Your Fighting skill increases to level 7!
You feel a strong urge to attack something.
There is a stone staircase leading up here.
You slash the adder!
The adder is almost dead.
You feel sick. The adder bites you.
* * * LOW HITPOINT WARNING * * *
You closely miss the adder.
The adder is almost dead.
You are no longer berserk.
You are exhausted.
You feel yourself slow down. The adder bites you.
You die...

###############.....
#...................
#...................
#..............>....
#................)..
#...................
#...........†.......
#.......######+#####
#......@# #......S#
+.......# #.......#
...####.. ... #.. ..
#.. #...


You could see an adder.

Vanquished Creatures
  Sigmund (D:2)
  Menkaure (D:5)
  A sky beast (D:3)
  2 scorpions
  2 howler monkeys
  2 hounds (D:4)
  2 orc priests
  Natasha (twice) (D:2)
  4 orc wizards
  4 worker ants (D:4)
  7 adders
  A howler monkey skeleton (D:4)
  An ooze (D:4)
  4 worms
  6 dart slugs
  3 leopard geckos
  11 orcs
  4 bats
  2 giant cockroaches
  9 goblins
  7 hobgoblins
  7 jackals
  5 kobolds
  4 quokkas
  4 frilled lizards
  A leopard gecko skeleton (D:4)
  5 rats
102 creatures vanquished.

Notes
Turn   | Place    | Note
-------+----------+-------------------------------------------
     0 | D:1      | nikopol the Minotaur Berserker began the quest for the Orb.
     0 | D:1      | Reached XP level 1. HP: 19/19 MP: 0/0
   123 | D:1      | Reached XP level 2. HP: 27/27 MP: 1/1
   387 | D:1      | Reached skill level 4 in Fighting
   547 | D:1      | Reached XP level 3. HP: 33/33 MP: 2/2
  1045 | D:2      | Noticed Sigmund
  1063 | D:2      | Killed Sigmund
  1063 | D:2      | Reached skill level 5 in Fighting
  1063 | D:2      | Reached XP level 4. HP: 6/42 MP: 3/3
  1063 | D:2      | Reached XP level 5. HP: 7/48 MP: 4/4
  1687 | D:2      | Noticed Natasha
  1703 | D:2      | Killed Natasha
  1703 | D:2      | Reached skill level 5 in Axes
  1761 | D:2      | Noticed Natasha
  1766 | D:2      | Killed Natasha
  1766 | D:2      | Reached XP level 6. HP: 41/56 MP: 5/5
  1896 | D:3      | Reached ** piety under Trog
  1954 | D:3      | Noticed a sky beast
  1968 | D:3      | HP: 1/56 [something (6)]
  1970 | D:3      | Killed a sky beast
  2466 | D:3      | Reached skill level 5 in Armour
  2974 | D:4      | Reached XP level 7. HP: 43/62 MP: 6/6
  2989 | D:4      | Reached skill level 6 in Fighting
  3611 | D:4      | Reached *** piety under Trog
  3775 | D:4      | Reached skill level 5 in Dodging
  4090 | D:5      | Entered Level 5 of the Dungeon
  4104 | D:5      | Reached XP level 8. HP: 55/71 MP: 7/7
  4115 | D:5      | Noticed Menkaure
  4122 | D:5      | HP: 5/106 [Menkaure/nerve-wracking pain (11)]
  4123 | D:5      | Killed Menkaure
  4123 | D:5      | Reached skill level 7 in Fighting
  4127 | D:5      | Slain by an adder

Skill      XL: |  1  2  3  4  5  6  7  8 |
---------------+-------------------------+-----
Fighting       | 4 5 6 7 |  7.0
Armour         | 3 4 5 6 |  6.4
Axes           | 4 5 6 |  6.5
Dodging        | 3 4 5 |  5.4

Action                   |  1- 3 |  4- 6 |  7- 9 || total
-------------------------+-------+-------+-------++-------
Melee: Hand axe          |    66 |   137 |    96 ||   299
       Headbutt          |    14 |    21 |    21 ||    56
Invok: Berserk           |     1 |     1 |     1 ||     3
       Trog's Hand       |       |       |     1 ||     1
 Stab: Sleeping          |       |     2 |       ||     2
  Eat: Chunk             |       |     8 |     5 ||    13
Armor: Animal skin       |    10 |    14 |       ||    24
       Scale mail        |       |    11 |    26 ||    37
Dodge: Dodged            |    27 |    84 |    47 ||   158
